 Dungeon Sprint DCSS version 0.30-a0-534-gdc55766716 (webtiles) character file.

Game seed: 4420080489063118395

46 rocky1 the Ducker (level 3, -2/29 HPs)
             Began as a Merfolk Gladiator on Dec 25, 2022.
             Slain by Crazy Yiuf
             ... wielding a +3 quarterstaff of chaos
              (7 damage)
             ... while paralysed by Crazy Yiuf
             ... in the Dungeon (Sprint III: "The Ten Rune Challenge").
             The game lasted 00:00:38 (117 turns).

rocky1 the Ducker (Merfolk Gladiator)                Turns: 117, Time: 00:00:39

Health: -2/29      AC:  4    Str: 14    XL:     3   Next: 66%
Magic:  3/3        EV:  2    Int:  7    God:
Gold:   0          SH:  0    Dex: 17    Spells: 2/2 levels left

rFire   . . .      SeeInvis .    a - +0 long sword
rCold   . . .      Faith    .    (no shield)
rNeg    . . .      Spirit   .    b - +0 leather armour
rPois   .          Reflect  .    c - +0 helmet
rElec   .          Harm     .    (no cloak)
rCorr   .          Rampage  .    (no gloves)
Will    .....      NoTele   +    (boots currently unavailable)
Stlth   ++                       (no amulet)
HPRegen 0.24/turn                (no ring)
MPRegen 0.08/turn                (no ring)

@: paralysed, very quick
A: nimble swimmer 2, mertail
a: no special abilities


You were in the Dungeon.
You visited 1 branch

Inventory:

Hand Weapons
 a - a +0 long sword (weapon)
Missiles
 d - 3 throwing nets (quivered)
 e - a javelin
Armour
 b - a +0 leather armour (worn)
 c - a +0 helmet (worn)
Scrolls
 k - 2 scrolls of blinking
Potions
 f - a potion of curing
 g - a potion of heal wounds
 h - a potion of haste
 i - 2 potions of magic
 j - a potion of berserk rage


   Skills:
 + Level 3.2 Fighting
 + Level 6.4 Long Blades
 + Level 2.8 Throwing
 + Level 0.1 Armour
 + Level 6.8 Dodging


You had 2 spell levels left.
You didn't know any spells.
Your spell library was empty.

Dungeon Overview and Level Annotations

Branches:
Dungeon (1/1)

Altars:

Annotations:
D Crazy Yiuf


Innate Abilities, Weirdness & Mutations

You are very nimble when in or above water. (Stealth+, EV+, Speed+++)
Your lower body shifts to a powerful aquatic tail in water.


Message History

You hit the human.
The human is heavily wounded.
The human closely misses you.
You hit the human.
Your tail-slap misses the human.
The human is severely wounded.
The human barely misses you.
You miss the human.
The human is severely wounded.
The human hits you.
You closely miss the human. You tail-slap the human.
The human is almost dead.
The human barely misses you.
You hit the human but do no damage.
The human is almost dead.
The human barely misses you. The human closely misses you.
You slash the human!
You kill the human!
Your Long Blades skill increases to level 6!
No target in view!
No target in view!
d - 3 throwing nets Your legs become a tail as you enter the water.
Crazy Yiuf the Enlightened comes into view.
He is wielding a +3 quarterstaff of chaos.
Crazy Yiuf shouts!
You hit Crazy Yiuf.
Crazy Yiuf is moderately wounded.
Crazy Yiuf completely misses you.
You hit Crazy Yiuf.
You tail-slap Crazy Yiuf, but do no damage.
Crazy Yiuf is moderately wounded.
Crazy Yiuf closely misses you.
You hit Crazy Yiuf but do no damage.
Crazy Yiuf is moderately wounded.
Crazy Yiuf hits you with a +3 quarterstaff of chaos!
You suddenly lose the ability to move!
Crazy Yiuf hits you with a +3 quarterstaff of chaos!
Ouch! That really hurt!
* * * LOW HITPOINT WARNING * * *
Crazy Yiuf freezes you!
You die...

▓▓▓▓ ▓▓▓▓▓▓ ▓<.#
+....♣♣♣ ▓..#
#......
▓#'####.....♣
▓..†..#....~♣♣♣♣
▓.....#...g~♣..♣♣.#
▓.....#..~@~~.♣♣♣.+
▓####'#..~≈≈~~~♣..#
▓[..†)#.~~≈~~~....#
▓.....#.~≈~~~.....#
▓.....#.~~~.......#
▓'#####...........#
▓.................#
▓▓▓▓▓▓▓▓▓▓▓▓▓▓▓▓▓▓▓


You could see Crazy Yiuf.

Vanquished Creatures
  Jessica (D)
  A human (D)
  3 rats (D)
5 creatures vanquished.

Notes
Turn   | Place    | Note
-------+----------+-------------------------------------------
     0 | D        | rocky1 the Merfolk Gladiator began the quest for the Orb.
     0 | D        | Reached XP level 1. HP: 16/16 MP: 1/1
    15 | D        | Noticed Jessica
    19 | D        | Killed Jessica
    20 | D        | Reached skill level 5 in Long Blades
    20 | D        | Reached XP level 2. HP: 20/24 MP: 2/2
    20 | D        | Reached XP level 3. HP: 25/29 MP: 3/3
   104 | D        | Noticed Crazy Yiuf
   116 | D        | Paralysed by Crazy Yiuf for 4 turns
   117 | D        | Slain by Crazy Yiuf

Illustrated notes

Levels and vault maps discovered:
D:        dungeon_sprint_mu [sprint_mu_entry_forest, sprint_mu_temple_rooms,
          sprint_mu_d1_horrors, sprint_mu_d2_genie, sprint_mu_d3_branching,
          sprint_mu_orc_legion, sprint_mu_elf_gauntlet, sprint_mu_hive_nellie,
          sprint_mu_lair_fedhas, sprint_mu_vaults_butterflies,
          sprint_mu_slime_circle, sprint_mu_swamp_cave, sprint_mu_snake_twists,
          sprint_mu_blade_basic, sprint_mu_crypt_fortress,
          sprint_mu_tomb_spiral, sprint_mu_vestibule_basic,
          sprint_mu_gehenna_hellfire, sprint_mu_dis_giant,
          sprint_mu_tartarus_statrot, sprint_mu_cocytus_islands, sprint_mu_zot1]

Skill      XL: |  1  2  3 |
---------------+----------+-----
Long Blades    | 5 6 |  6.4
Fighting       | 3 |  3.2
Dodging        | 6 |  6.8
Throwing       | |  2.8
Armour         | |  0.1

Action                   || total
-------------------------++-------
Melee: Long sword        ||    36
       Tailslap          ||     4
Throw: Throwing net      ||     3
Armor: Leather armour    ||     5
Dodge: Dodged            ||    32

Table legend: (Time is in decaauts)
 A = Elapsed time spent in this place.
 B = Non-inter-level travel time spent in this place.
 C = Inter-level travel time spent in this place.
 D = Time resting spent in this place.
 E = Time spent auto-exploring this place.
 F = Levels seen in this place.
 G = Mean time per level.
                   A        B        C        D        E       F      G
               +--------+--------+--------+--------+--------+-----+--------+
         Total |    116 |    116 |      0 |     15 |      6 |   1 |  116.0 |
       Dungeon |    116 |    116 |      0 |     15 |      6 |   1 |  116.0 |
               +--------+--------+--------+--------+--------+-----+--------+

Top non-repeatable levels by time:
       D: 116 daAuts
